Map: 2000 Atmospheres LE

Players

goblin - Winner!

  • Race: Protoss Protoss

Strange

  • Race: Protoss Protoss

Event: DreamHack SC2 Masters 2021 Fall

VOD

Have the link to the VOD?

Description

Time

  • Played on: July 30, 2021, 11:12 a.m.
  • Length: 15:34

All games in this series

Show
View Real Time Build Order
Export as new Build Order

goblin Protoss - Winner!

Build Orders: Oracle Opening 

Get SALT Encoding   

  12  0:00  Probe  
  13  0:12  Probe  
  14  0:17  Pylon  
  14  0:24  Probe (Chrono Boost)  
  15  0:36  Gateway, Probe (Chrono Boost)  
  16  0:44  Probe (Chrono Boost)  
  16  0:46  Assimilator  
  17  0:50  Probe  
  17  0:54  Assimilator  
  18  1:03  Probe (Chrono Boost)  
  19  1:07  Gateway  
  20  1:12  Probe (Chrono Boost)  
  20  1:17  Probe (Chrono Boost)  
  20  1:23  Cybernetics Core  
  21  1:29  Probe  
  22  1:34  Pylon  
  22  1:41  Probe  
  23  1:53  Probe  
  24  2:00  Stalker x2  
  28  2:04  Warp Gate  
  28  2:13  Pylon  
  28  2:23  Stargate  
  28  2:32  Stalker  
  28  2:36  Stalker  
  32  3:04  Oracle (Chrono Boost)  
  34  3:14  Nexus  
  34  3:22  Probe  
  34  3:25  Shield Battery  
  35  3:31  Oracle (Chrono Boost)  
  38  3:42  Pylon, Probe  
  39  4:00  Probe  
  40  4:12  Probe  
  40  4:15  Twilight Council, Stalker  
  43  4:18  Stalker  
  45  4:24  Probe (Chrono Boost)  
  45  4:27  Probe (Chrono Boost)  
  47  4:35  Probe (Chrono Boost)  
  47  4:36  Probe (Chrono Boost)  
  47  4:37  Shield Battery  
  49  4:40  Probe (Chrono Boost)  
  49  4:41  Probe (Chrono Boost)  
  51  4:49  Blink  
  51  4:50  Probe  
  52  4:53  Probe  
  53  5:03  Forge, Probe  
  53  5:05  Probe  
  55  5:09  Stalker  
  55  5:13  Stalker  
  59  5:18  Probe x2  
  61  5:23  Pylon  
  61  5:30  Probe  
  61  5:31  Protoss Ground Weapons Level 1 (Chrono Boost)  
  62  5:41  Probe  
  62  5:42  Probe  
  64  5:46  Nexus  
  64  5:48  Pylon  
  64  5:54  Probe  
  64  5:55  Stalker  
  64  5:56  Stalker  
  69  5:58  Probe  
  69  6:03  Pylon  
  70  6:13  Gateway x2  
  70  6:20  Gateway  
  70  6:21  Gateway  
  70  6:27  Probe x2  
  70  6:28  Assimilator  
  72  6:35  Stalker x2  
  72  6:39  Probe  
  78  6:40  Probe  
  78  6:47  Shield Battery  
  78  6:58  Stalker x2, Probe x2 (Chrono Boost)  
  78  7:00  Shield Battery, Probe (Chrono Boost)  
  87  7:10  Charge, Probe (Chrono Boost)  
  87  7:11  Probe x2 (Chrono Boost)  
  88  7:16  Probe  
  88  7:17  Gateway  
  88  7:18  Gateway  
  88  7:19  Pylon  
  88  7:22  Protoss Ground Weapons Level 2 (Chrono Boost)  
  91  7:27  Stalker  
  91  7:28  Stalker  
  95  7:36  Zealot x3  
  95  7:37  Zealot  
  101  7:39  Pylon  
  101  7:43  Pylon  
  101  7:52  Photon Cannon  
  101  7:57  Stalker, Zealot x3  
  101  7:58  Zealot  
  111  7:59  Zealot  
  113  8:09  Photon Cannon  
  113  8:15  Templar Archives  
  113  8:18  Probe  
  113  8:19  Probe x2  
  114  8:22  Zealot x4  
  122  8:28  Pylon  
  122  8:32  Probe x2  
  124  8:47  Pylon  
  124  8:48  Pylon, Robotics Facility  
  124  8:49  Robotics Facility  
  124  8:50  Pylon, Photon Cannon  
  124  8:51  Shield Battery, Photon Cannon  
  124  8:55  Stalker x2  
  128  9:07  Stalker x4  
  122  9:18  Zealot x2  
  122  9:23  Stalker x2  
  126  9:30  Stalker  
  120  9:31  Stalker x3  
  109  9:51  Zealot x4  
  105  9:55  Zealot x4  
  84  10:13  Stalker x2  
  68  10:23  Stalker x5  
  78  10:41  Stalker x3  
  82  10:49  Stalker  
  78  10:57  Stalker x2  
  76  11:11  Stalker x3  
  82  11:24  Stalker x2  
  86  11:35  Observer (Chrono Boost)  
  86  11:39  Stalker x3  
  93  11:48  Shield Battery  
  85  12:05  Stalker x3  
  85  12:08  Stalker  
  93  12:11  Stalker  
  93  12:29  Stalker x3  
  99  12:40  Observer  
  99  12:42  Protoss Ground Weapons Level 3 (Chrono Boost)  
  99  13:10  Nexus  
  99  13:11  Pylon  
  99  13:24  Robotics Bay  
  99  13:39  Probe x2  
  101  13:43  Assimilator  
  101  13:45  Shield Battery  
  95  14:09  Disruptor (Chrono Boost)  
  95  14:10  Disruptor (Chrono Boost), Zealot  
  95  14:15  Stalker x2  
  107  14:35  Disruptor x2 (Chrono Boost)  
  107  14:38  Probe x3  
  114  14:40  Stalker  
  114  14:41  Stalker  
  118  14:50  Probe  
  109  14:58  Zealot x3  
  89  15:17  Zealot x3  
  89  15:18  Zealot x2  
  93  15:22  Stalker  
  93  15:23  Stalker  
Show
View Real Time Build Order
Export as new Build Order

Strange Protoss 

Build Orders: Phoenix Opening, Blink Stalkers 

Get SALT Encoding   

  12  0:00  Probe  
  13  0:12  Probe  
  14  0:18  Pylon  
  14  0:24  Probe (Chrono Boost)  
  15  0:36  Gateway  
  15  0:38  Probe (Chrono Boost)  
  16  0:43  Probe (Chrono Boost)  
  16  0:45  Assimilator  
  17  0:52  Probe (Chrono Boost)  
  17  0:53  Assimilator  
  19  1:04  Probe (Chrono Boost)  
  19  1:06  Gateway  
  19  1:13  Probe (Chrono Boost)  
  20  1:18  Probe  
  20  1:23  Cybernetics Core  
  21  1:30  Probe  
  21  1:31  Pylon  
  22  1:42  Probe  
  23  1:54  Probe  
  23  1:57  Warp Gate (Chrono Boost)  
  23  1:59  Stalker x2  
  28  2:07  Probe  
  29  2:11  Pylon  
  29  2:19  Probe  
  32  2:30  Sentry, Stalker  
  32  2:36  Pylon  
  34  2:41  Twilight Council  
  34  3:06  Nexus  
  34  3:09  Phoenix  
  34  3:13  Blink (Chrono Boost)  
  34  3:18  Probe  
  35  3:28  Pylon  
  35  3:30  Probe  
  36  3:38  Robotics Facility  
  36  3:43  Probe  
  36  3:48  Stalker  
  39  3:49  Stalker  
  41  3:59  Pylon  
  40  4:22  Stalker x2  
  44  4:28  Probe x2  
  46  4:40  Probe x2  
  46  4:43  Forge  
  48  4:48  Stalker  
  48  4:52  Probe  
  51  4:55  Probe  
  50  5:04  Probe  
  51  5:07  Probe  
  51  5:08  Pylon  
  51  5:10  Protoss Ground Weapons Level 1 (Chrono Boost)  
  52  5:16  Probe  
  52  5:17  Probe  
  54  5:22  Observer  
  54  5:25  Probe  
  54  5:28  Shield Battery, Probe  
  55  5:33  Probe  
  57  5:38  Assimilator  
  57  5:39  Assimilator  
  57  5:41  Probe  
  59  5:45  Probe  
  60  5:51  Immortal  
  60  5:53  Probe  
  65  5:57  Probe  
  65  6:02  Pylon  
  66  6:05  Probe  
  66  6:09  Probe  
  68  6:12  Pylon  
  68  6:17  Probe  
  69  6:21  Sentry x2  
  69  6:22  Probe  
  69  6:25  Pylon  
  74  6:30  Immortal  
  78  6:33  Gateway x2  
  78  6:41  Resonating Glaives  
  78  6:49  Photon Cannon  
  78  6:50  Photon Cannon  
  78  6:56  Sentry x2, Gateway  
  78  6:58  Gateway  
  78  6:59  Protoss Ground Weapons Level 2 (Chrono Boost)  
  81  7:09  Immortal (Chrono Boost)  
  81  7:10  Observer  
  81  7:15  Pylon  
  85  7:26  Pylon  
  85  7:28  Stalker x3  
  91  7:41  Pylon  
  91  7:43  Warp Prism (Chrono Boost)  
  93  7:44  Colossus x2 (Chrono Boost)  
  93  7:54  Gateway x2  
  93  7:56  Sentry x3  
  99  8:05  Adept x3  
  105  8:13  Colossus  
  105  8:22  Pylon x2  
  105  8:25  Adept x4  
  113  8:28  Sentry x2  
  117  8:52  Adept x2  
  117  8:53  Adept x5  
  131  8:55  Adept  
  127  9:16  Adept x2, Sentry x2  
  133  9:23  Stalker x2  
  133  9:30  Stalker x2  
  127  9:42  Stalker x3  
  117  9:53  Adept x4  
  117  9:54  Observer  
  125  10:05  Stalker x2  
  119  10:08  Adept  
  119  10:12  Stalker  
  101  10:19  Stalker  
  102  10:28  Stalker x3  
  106  10:33  Stalker  
  106  10:35  Stalker  
  101  10:37  Sentry  
  101  10:42  Stalker  
  99  10:44  Stalker  
  99  10:54  Stalker x2  
  91  11:00  Stalker  
  91  11:06  Stalker  
  91  11:10  Stalker  
  91  11:13  Stalker  
  90  11:18  Stalker  
  90  11:29  Stalker x2  
  94  11:38  Stalker  
  90  11:46  Stalker x2  
  94  11:51  Stalker  
  96  12:04  Stalker  
  96  12:05  Stalker x2  
  98  12:10  Stalker  
  98  12:14  Stalker  
  92  12:24  Immortal (Chrono Boost)  
  96  12:38  Sentry  
  98  12:53  Immortal (Chrono Boost)  
  102  13:03  Nexus  
  102  13:05  Pylon  
  102  13:10  Sentry x2  
  106  13:19  Observer (Chrono Boost)  
  107  13:25  Shield Battery  
  107  13:33  Immortal (Chrono Boost)  
  111  14:01  Immortal (Chrono Boost)  
  115  14:03  Sentry  
  115  14:04  Stalker x2  
  115  14:08  Sentry x2  
  125  14:16  Stalker  
  127  14:44  Stalker x4  
  125  14:57  Stalker x2  
  115  15:06  Adept x2  
  107  15:16  Adept  
  107  15:17  Adept x2  

Tags
 
Add a new tag
Caveats
  • Supply blocks, unpowered buildings, or Contaminate may cause inaccurate times.
  • Supply counts are checked every 10 seconds.